Map: Lerilak Crest

Players

Yesteryear

  • Race: Zerg Zerg
  • League: Diamond

Ailee (Azure) - Winner!

  • Race: Terran Terran
  • League: Master

VOD

Have the link to the VOD?

Description

Time

  • Played on: Nov. 15, 2015, 3:53 a.m.
  • Length: 12:01
Show
View Real Time Build Order
Export as new Build Order

Yesteryear Zerg 

Build Orders: Hatch First 

Get SALT Encoding   

  12  0:00  Drone  
  13  0:13  Overlord  
  13  0:18  Drone  
  14  0:31  Drone x2  
  16  0:35  Drone  
  17  0:45  Drone  
  18  0:58  Hatchery  
  18  1:01  Drone  
  18  1:16  Spawning Pool  
  17  1:18  Drone  
  17  1:21  Extractor  
  17  1:26  Drone  
  17  1:29  Drone  
  19  1:39  Overlord  
  19  1:50  Drone  
  20  2:03  Queen  
  20  2:04  Zergling x2  
  23  2:10  Queen  
  23  2:11  Drone  
  23  2:12  Drone  
  26  2:21  Drone  
  27  2:23  Metabolic Boost  
  27  2:27  Drone  
  27  2:37  Spore Crawler  
  27  2:42  Queen  
  27  2:44  Zergling x2  
  27  2:48  Extractor  
  27  2:56  Queen  
  27  2:57  Zergling x2  
  32  2:58  Drone  
  32  2:59  Drone x2  
  35  3:09  Overlord  
  36  3:12  Drone  
  36  3:18  Overlord, Pneumatized Carapace  
  36  3:30  Drone x2  
  36  3:31  Queen  
  36  3:33  Drone  
  41  3:41  Drone  
  41  3:43  Spore Crawler  
  41  3:58  Hatchery  
  41  3:59  Roach Warren, Drone  
  39  4:11  Zergling x6  
  39  4:14  Lair  
  42  4:18  Drone  
  42  4:19  Drone  
  42  4:23  Drone x3  
  47  4:32  Drone x2  
  47  4:33  Extractor  
  47  4:37  Drone x3  
  51  4:56  Overlord  
  51  4:57  Drone  
  51  5:01  Extractor  
  50  5:13  Roach x3  
  54  5:18  Zergling x4  
  54  5:20  Queen  
  54  5:21  Drone x3  
  61  5:23  Queen  
  64  5:28  Drone x3  
  64  5:30  Overlord x2  
  64  5:31  Overlord  
  66  5:41  Overlord  
  66  5:44  Spire  
  66  5:46  Baneling Nest  
  66  5:49  Evolution Chamber  
  59  5:50  Roach  
  59  5:51  Roach  
  58  6:00  Roach x3  
  58  6:01  Roach  
  66  6:06  Drone x3  
  66  6:09  Drone x2  
  71  6:14  Drone  
  71  6:15  Drone, Extractor  
  71  6:16  Drone  
  71  6:17  Drone  
  72  6:22  Zergling x6  
  73  6:26  Ravager x3  
  82  6:32  Roach  
  82  6:33  Roach x2  
  82  6:34  Roach  
  82  6:38  Queen  
  80  6:43  Zerg Ground Armor Level 1  
  80  6:47  Drone x2  
  80  6:50  Queen  
  84  6:55  Glial Reconstitution  
  81  7:02  Roach x3  
  81  7:06  Roach  
  89  7:11  Overlord  
  89  7:16  Drone  
  89  7:17  Overlord  
  90  7:24  Queen  
  90  7:27  Roach x4  
  86  7:31  Roach x3  
  86  7:34  Roach  
  86  7:35  Zergling x2  
  86  7:41  Zergling x2  
  81  7:45  Roach x2, Zergling x2  
  81  7:50  Zergling x6  
  85  7:56  Zergling x2  
  79  7:59  Queen  
  79  8:01  Zergling x2  
  79  8:02  Roach x2, Zergling x2  
  87  8:09  Evolution Chamber, Roach  
  87  8:10  Roach  
  90  8:18  Overlord  
  90  8:24  Hydralisk Den  
  90  8:26  Infestation Pit  
  88  8:28  Roach  
  88  8:29  Overlord  
  88  8:30  Overlord  
  90  8:38  Queen  
  90  8:40  Roach, Zergling x4  
  90  8:41  Zergling x2  
  90  8:45  Roach x2, Zergling x4  
  90  8:46  Zergling x2  
  87  8:49  Roach x2, Zergling x4  
  87  8:52  Roach, Zergling x2  
  87  8:57  Roach  
  87  8:58  Roach x2  
  89  9:07  Hydralisk x2, Infestation Pit  
  92  9:11  Muscular Augments  
  93  9:19  Roach x2  
  93  9:20  Roach x3  
  93  9:22  Drone  
  104  9:26  Overlord  
  104  9:28  Overlord  
  104  9:37  Overlord  
  97  9:48  Hydralisk x2  
  97  9:49  Hydralisk, Roach x4  
  99  9:54  Hydralisk  
  99  9:55  Roach  
  99  9:59  Roach  
  93  10:00  Roach  
  93  10:04  Hydralisk  
  95  10:12  Hydralisk x2  
  95  10:13  Hydralisk x2  
  93  10:16  Roach  
  93  10:20  Zergling x6  
  94  10:24  Zergling x4  
  94  10:28  Zergling x2  
  91  10:35  Drone x2  
  93  10:40  Roach  
  93  10:42  Zergling x4  
  93  10:46  Zergling x6  
  89  10:50  Roach  
  89  10:51  Roach  
  89  10:53  Zergling x2  
  89  10:55  Roach  
  87  10:58  Roach  
  87  11:00  Hatchery  
  87  11:04  Zergling x4  
  82  11:06  Roach  
  82  11:07  Roach x2  
  82  11:11  Roach  
  75  11:12  Roach  
  75  11:17  Roach  
  77  11:20  Roach x2  
  77  11:24  Queen  
  80  11:27  Zergling x2  
  80  11:30  Roach  
  80  11:31  Roach  
  84  11:38  Roach  
  84  11:39  Roach x2  
  90  11:40  Roach  
  80  11:55  Ravager  
Show
View Real Time Build Order
Export as new Build Order

Ailee Terran - Winner!

Build Orders: Reaper Expand 

Get SALT Encoding   

  12  0:01  SCV  
  13  0:13  SCV  
  14  0:17  Supply Depot  
  14  0:25  SCV  
  15  0:38  SCV  
  15  0:40  Barracks  
  16  0:44  Refinery  
  16  0:50  SCV  
  17  1:03  SCV  
  18  1:15  SCV  
  19  1:28  Reaper, Orbital Command  
  20  1:39  Command Center  
  20  1:48  Supply Depot  
  20  1:54  SCV  
  20  1:59  Refinery  
  20  2:00  Barracks Reactor  
  21  2:06  SCV  
  22  2:19  SCV  
  23  2:24  Factory  
  23  2:31  SCV  
  24  2:39  Marine x2  
  24  2:43  SCV  
  27  2:55  SCV  
  28  3:01  Orbital Command  
  28  3:02  Command Center  
  28  3:11  Factory  
  28  3:13  SCV  
  29  3:20  Barracks Tech Lab  
  29  3:25  Hellion  
  29  3:26  Hellion  
  34  3:27  SCV  
  34  3:30  SCV  
  35  3:39  SCV  
  36  3:42  SCV  
  36  3:51  SCV  
  36  3:53  Supply Depot  
  36  3:54  SCV  
  36  3:55  Hellion x2  
  42  4:03  SCV  
  42  4:11  Cyclone  
  42  4:12  SCV  
  42  4:13  Mag-Field Accelerator  
  42  4:15  SCV  
  42  4:16  Orbital Command  
  47  4:20  Hellion x2  
  51  4:24  SCV  
  51  4:27  SCV  
  53  4:36  SCV  
  54  4:39  SCV  
  54  4:41  Hellion x2  
  54  4:43  SCV  
  60  4:48  Cyclone  
  60  4:49  SCV  
  60  4:51  SCV  
  63  4:55  SCV  
  64  5:00  Supply Depot  
  64  5:01  SCV  
  64  5:03  SCV  
  66  5:07  SCV  
  66  5:12  Hellion  
  69  5:21  Armory, SCV x2, Supply Depot x2  
  69  5:22  Armory, Cyclone, Hellion  
  69  5:28  SCV  
  77  5:29  Refinery  
  77  5:30  Refinery  
  77  5:36  Factory  
  79  5:42  SCV x2  
  79  5:43  Supply Depot  
  79  5:45  Supply Depot  
  79  5:56  Hellion x2, Cyclone  
  82  6:04  SCV  
  82  6:05  SCV  
  82  6:09  Supply Depot x2  
  82  6:10  Factory  
  84  6:16  SCV  
  84  6:17  Hellion  
  87  6:19  Orbital Command  
  87  6:23  Hellion  
  87  6:24  Terran Vehicle Weapons Level 1  
  87  6:25  Terran Vehicle And Ship Armor Level 1  
  89  6:27  Factory Tech Lab  
  89  6:29  SCV  
  90  6:36  SCV  
  89  6:41  SCV, Cyclone  
  89  6:47  SCV  
  94  6:48  SCV  
  94  6:49  Hellion  
  94  6:50  Hellion  
  94  6:53  SCV  
  100  6:54  Factory Tech Lab  
  100  6:55  Refinery  
  100  6:57  Cyclone  
  100  6:58  Refinery  
  100  6:59  SCV  
  100  7:00  SCV  
  103  7:05  SCV  
  104  7:11  SCV  
  104  7:12  SCV  
  104  7:14  Hellion  
  104  7:15  Hellion, Cyclone  
  113  7:21  SCV  
  113  7:22  Supply Depot, Engineering Bay  
  114  7:24  Command Center  
  108  7:36  Hellion x2  
  107  7:43  Cyclone  
  108  7:48  Thor  
  108  7:49  Hellion  
  107  8:01  Missile Turret  
  107  8:02  Missile Turret  
  107  8:04  Missile Turret  
  104  8:07  Hellion x2, Missile Turret  
  104  8:10  Supply Depot  
  104  8:11  Supply Depot, Factory x2  
  104  8:12  SCV x3  
  115  8:21  Thor  
  115  8:24  Cyclone  
  115  8:27  SCV  
  121  8:32  Cyclone  
  124  8:35  Hellion x2  
  99  8:56  Hellion  
  99  8:58  SCV x2  
  99  9:00  Hellion  
  99  9:01  Factory Tech Lab, Factory Reactor  
  103  9:04  SCV  
  103  9:07  Orbital Command  
  104  9:10  SCV  
  104  9:12  Command Center  
  104  9:13  Terran Vehicle Weapons Level 2, Hellion, Supply Depot x2  
  104  9:16  Terran Vehicle And Ship Armor Level 2  
  107  9:18  SCV  
  107  9:19  Supply Depot  
  108  9:25  Hellion  
  108  9:26  Hellion  
  108  9:27  Cyclone  
  108  9:28  Cyclone  
  118  9:32  Cyclone  
  115  9:47  Hellion  
  115  9:48  Hellion x3  
  115  9:52  Cyclone  
  102  10:05  Cyclone x2  
  100  10:20  Hellion x2  
  100  10:21  Hellion x2  
  108  10:22  SCV  
  103  10:32  Siege Tank x2  
  109  10:38  Hellion  
  108  10:50  Hellion x2  
  108  10:51  Hellion x2, Refinery  
  108  10:52  Refinery  
  110  11:00  Cyclone x2  
  110  11:02  SCV  
  117  11:04  Cyclone  
  117  11:08  Hellion  
  114  11:11  Hellion x2  
  114  11:16  SCV x2  
  114  11:18  Planetary Fortress  
  114  11:29  Hellion x2, Cyclone  
  114  11:32  Hellion  
  123  11:35  SCV  
  123  11:39  Hellion x2  
Tags
 
Add a new tag
Caveats
  • Supply blocks, unpowered buildings, or Contaminate may cause inaccurate times.
  • Supply counts are checked every 10 seconds.